 Dungeon Crawl Stone Soup version 0.21-a0-264-g3e31e41 (console) character file.

10677 removed the Destroyer (level 11, -5/91 HPs)
             Began as a Demigod Venom Mage on Sept 9, 2017.
             Slain by an unseen horror (7 damage)
             ... on level 10 of the Dungeon.
             The game lasted 00:35:16 (14807 turns).

removed the Destroyer (Demigod Venom Mage)         Turns: 14807, Time: 00:35:17

Health: -5/91      AC:  6    Str:  9    XL:     11   Next: 17%
Magic:  7/26       EV: 16    Int: 25    God:
Gold:   618        SH:  2    Dex: 16    Spells: 13/24 levels left

rFire    + . .     SeeInvis .   a - +3 dire flail (freeze)
rCold    . . .     Gourm    .   (shield currently unavailable)
rNeg     . . .     Faith    .   X - +2 robe {rF+}
rPois    .         Spirit   .   m - +2 helmet
rElec    .         Reflect  +   (no cloak)
rCorr    .         Harm     .   U - +0 pair of gloves
MR       +....                  (no boots)
Stlth    +.........             Y - +2 amulet of reflection
HPRegen  0.25/turn              s - -2 ring of protection (curse)
MPRegen  0.20/turn              k - ring of loudness (curse)

@: no status effects
A: high mp 1, weak 1
a: no special abilities


You were on level 10 of the Dungeon.
You were near starving.

You visited 1 branch of the dungeon, and saw 10 of its levels.

You collected 618 gold pieces.

Inventory:

Hand Weapons
 a - a +3 dire flail of freezing (weapon)
 b - a +1 spear of venom
 h - a +0 whip
 n - a +1 mace of draining
 C - a +0 blowgun
 L - a +2 dagger of venom
 P - a +0 trident
 W - a +2 falchion of protection
 Z - the +1 flail of the Lettuce {venom, *Contam +Rage rPois Str-4}
   (You took it off an orc on level 7 of the Dungeon)

   It poisons the flesh of those it strikes.
   It affects your strength (-4).
   It protects you from poison.
   It lets you go berserk.
   It causes magical contamination when unequipped.
Missiles
 J - a throwing net (quivered)
Armour
 l - the +7 chain mail of the Eternal Void {rCorr Dex+3, unknown}
   (You found it on level 9 of the Dungeon)

   It affects your dexterity (+3).
   It protects you from acid and corrosion.
 m - a +2 helmet (worn)
 G - the +1 robe of Experimentation {rF++ rC- Regen+ Stlth+}
   (You found it on level 8 of the Dungeon)

   It greatly protects you from fire.
   It makes you vulnerable to cold.
   It increases your rate of regeneration.
   It makes you more stealthy.
 O - a +0 cloak
 U - a +0 pair of gloves (worn)
 X - a +2 robe of fire resistance (worn)
Jewellery
 g - a +3 ring of dexterity
 k - a cursed ring of loudness (right hand)
 s - a cursed -2 ring of protection (left hand)
 I - an uncursed ring of positive energy
 Y - a +2 amulet of reflection (around neck)
Wands
 d - a wand of iceblast (8/15)
 j - a wand of iceblast (5/15)
 D - a wand of polymorph (19/24)
 H - a wand of iceblast (6/15)
 R - a wand of digging (3/24)
 T - a wand of disintegration (12/24)
Scrolls
 i - 2 scrolls of magic mapping {unknown}
 q - a scroll of recharging {unknown}
 r - a scroll of teleportation
 u - a scroll of noise {unknown}
 v - a scroll of enchant armour {unknown}
 x - 2 scrolls of blinking
 B - 2 scrolls of fog {unknown}
 M - 3 scrolls of amnesia
 N - a scroll of enchant weapon {unknown}
 Q - 2 scrolls of fear {unknown}
Potions
 f - 2 potions of flight
 o - 2 potions of berserk rage
 p - 2 potions of heal wounds
 t - 2 potions of might
 z - a potion of agility
 E - 4 potions of cancellation
 F - 2 potions of haste
 S - 4 potions of curing
 V - 2 potions of brilliance
Books
 e - a book of Conjurations

   Spells                             Type                      Level
   a - Magic Dart                     Conjuration                  1
   b - Searing Ray                    Conjuration                  2
   c - Dazzling Spray                 Conjuration/Hexes            3
   d - Fulminant Prism                Conjuration/Hexes            4
   e - Force Lance                    Conjuration/Translocation    4
   f - Iskenderun's Mystic Blast      Conjuration                  4
 y - a Young Poisoner's Handbook

   Spells                             Type                      Level
   a - Sting                          Conjuration/Poison           1
   b - Poisonous Vapours              Poison/Air                   2
   c - Mephitic Cloud                 Conjuration/Poison/Air       3
   d - Olgreb's Toxic Radiance        Poison                       4
   e - Venom Bolt                     Conjuration/Poison           5
Comestibles
 c - 5 bread rations
 w - 9 royal jellies
 A - 5 meat rations
 K - 7 fruits


   Skills:
 + Level 6.4 Fighting
 + Level 6.4 Dodging
 - Level 1.7 Stealth
 - Level 7.2 Spellcasting
 - Level 11.2 Conjurations
 - Level 4.0 Poison Magic


You had 13 spell levels left.
You knew the following spells:

 Your Spells              Type           Power        Failure   Level  Hunger
a - Sting                 Conj/Pois      ####         1%          1    None
b - Searing Ray           Conj           ######       1%          2    None
c - Iskenderun's Mystic   Conj           ######..     1%          4    ###....
d - Magic Dart            Conj           ####         1%          1    None
m - Mephitic Cloud        Conj/Pois/Air  ####....     2%          3    None


Dungeon Overview and Level Annotations

Branches:
Dungeon (10/15)            Temple (0/1) D:7            Lair (0/6) D:9
    Orc (0/2) D:9

Portals:
Trove: D:10 (give 11 potions of heal wounds)

Annotations:
D:9 Erica


Innate Abilities, Weirdness & Mutations

You have an increased reservoir of magic. (+10% MP)
You are weak. (Str -2)


Message History

Something hits you! Something hits you! Something hits you.
Something barely misses you. Something hits you. Something hits you.
Something hits you but does no damage. Something barely misses you.
Something closely misses you. Something hits you!
* * * LOW HITPOINT WARNING * * *
Something hits you but does no damage. Something hits you!
* * * LOW HITPOINT WARNING * * *
Something hits you.
* * * LOW HITPOINT WARNING * * *
Something hits you but does no damage. Something hits you.
* * * LOW HITPOINT WARNING * * *
Something hits you!
* * * LOW HITPOINT WARNING * * *
Something hits you!
You die...

#).# ......###.........<.
##†## ....#......).......
#..# #......####....... ##..#
##.....# ##...... #..##
#......# #...#.. ####..#
##.....# ##..##.. .....)####
#......# #...##..
.....÷...#####<.....#
#..####.
................@...## ##..#
#. ...#.†...............#
#..## #.
#####...######.......## #..#
##. #.).## #........###..#
##.. #....#
##.......##..####... ##...##
##.........9...##....
##....##.....................
#
#..........####....###.9.....
.####.......### ##..##
###.....


You could see a gargoyle.

Vanquished Creatures
  2 two-headed ogres
  An unseen horror (D:10)
  Maurice (D:9)
  Psyche (D:9)
  2 centaur skeletons (D:10)
  A troll (D:10)
  A queen bee (D:9)
  2 hippogriffs
  A hornet (D:6)
  A wyvern (D:6)
  2 hungry ghosts
  Grum (D:8)
  A water moccasin (D:7)
  2 porcupines (D:9)
  4 orc warriors
  3 black bears (D:9)
  A sky beast (D:8)
  An ice beast (D:9)
  A necrophage (D:6)
  5 wolves
  A phantom (D:7)
  2 centaurs
  3 ogres
  2 crocodiles (D:9)
  A big kobold (D:7)
  7 bullfrogs
  A wyvern skeleton (D:9)
  4 scorpions
  2 water moccasin skeletons
  11 wights
  29 killer bees
  5 howler monkeys
  6 crimson imps
  2 orc priests
  5 hounds
  3 bullfrog skeletons
  2 iguanas
  10 worker ants
  7 orc wizards
  A hound skeleton (D:5)
  Robin (D:2)
  14 adders
  8 gnolls
  2 oozes (D:4)
  2 adder zombies (D:2)
  An adder skeleton (D:6)
  7 worms
  A dart slug (D:4)
  4 leopard geckos
  28 orcs
  7 bats
  A bat zombie (D:2)
  4 giant cockroaches
  10 goblins
  6 hobgoblins
  13 jackals
  7 quokkas
  3 ball pythons
  2 frilled lizards
  A giant cockroach zombie (D:2)
  A jackal zombie (D:2)
  10 kobolds
  2 leopard gecko skeletons
  A quokka zombie (D:9)
  8 rats
282 creatures vanquished.

Vanquished Creatures (collateral kills)
  A centaur (D:9)
  A killer bee (D:9)
2 creatures vanquished.

Vanquished Creatures (others)
  A killer bee (D:5)
  A worker ant (D:9)
  A fungus (D:9)
  4 plants (D:9)
7 creatures vanquished.

Grand Total: 291 creatures vanquished

Notes
Turn   | Place    | Note
-------+----------+-------------------------------------------
     0 | D:1      | removed the Demigod Venom Mage began the quest for the Orb.
     0 | D:1      | Reached XP level 1. HP: 14/14 MP: 5/5
    57 | D:1      | Reached skill level 1 in Conjurations
   544 | D:1      | Reached skill level 2 in Conjurations
   544 | D:1      | Reached XP level 2. HP: 20/20 MP: 1/7
   765 | D:2      | Found a white marble altar of Elyvilon.
  1678 | D:2      | Noticed Robin
  1681 | D:2      | Reached XP level 3. HP: 26/26 MP: 5/8
  1703 | D:2      | Killed Robin
  1727 | D:2      | Reached skill level 3 in Conjurations
  1808 | D:2      | Learned a level 3 spell: Mephitic Cloud
  2066 | D:2      | Found a burning altar of Makhleb.
  2083 | D:2      | Reached XP level 4. HP: 21/33 MP: 6/9
  3117 | D:3      | Reached XP level 5. HP: 32/38 MP: 4/10
  3422 | D:3      | Reached skill level 4 in Conjurations
  4210 | D:4      | Reached skill level 5 in Conjurations
  4210 | D:4      | Reached XP level 6. HP: 43/45 MP: 6/11
  4894 | D:4      | Found a stormy altar of Qazlal.
  4918 | D:4      | Reached skill level 6 in Conjurations
  5104 | D:5      | Entered Level 5 of the Dungeon
  5214 | D:5      | Reached XP level 7. HP: 50/50 MP: 6/13
  5688 | D:5      | Reached skill level 1 in Fighting
  5864 | D:5      | Found a snail-covered altar of Cheibriados.
  6687 | D:6      | Learned a level 2 spell: Searing Ray
  6736 | D:6      | Reached XP level 8. HP: 63/63 MP: 17/17
  6845 | D:6      | Learned a level 4 spell: Iskenderun's Mystic Blast
  7037 | D:6      | Reached skill level 7 in Conjurations
  7199 | D:6      | Noticed a hippogriff
  7634 | D:6      | Reached skill level 8 in Conjurations
  7641 | D:6      | Learned a level 1 spell: Magic Dart
  8162 | D:6      | Killed a hippogriff
  8301 | D:7      | Reached skill level 5 in Spellcasting
  8625 | D:7      | Reached XP level 9. HP: 69/69 MP: 13/20
  8753 | D:7      | Found a staircase to the Ecumenical Temple.
  8854 | D:7      | Reached skill level 9 in Conjurations
  9174 | D:7      | Got a smoking flail {venom}
  9175 | D:7      | Identified the cursed +1 flail of the Lettuce {venom, *Contam +Rage rPois Str-4} (You took it off an orc on level 7 of the Dungeon)
  9312 | D:6      | Reached skill level 5 in Fighting
  9367 | D:6      | Gained mutation: You are weak. (Str -2) [mutagenic glow]
 10079 | D:8      | Reached skill level 5 in Dodging
 10649 | D:8      | Noticed a two-headed ogre
 10785 | D:8      | Killed a two-headed ogre
 10785 | D:8      | Reached XP level 10. HP: 81/81 MP: 2/21
 10913 | D:8      | Noticed Grum
 10929 | D:8      | Killed Grum
 11202 | D:8      | Found a glowing silver altar of Zin.
 11236 | D:8      | Reached skill level 10 in Conjurations
 11382 | D:8      | Got a brightly glowing robe
 11393 | D:8      | Identified the +1 robe of Experimentation {rF++ rC- Regen+ Stlth+} (You found it on level 8 of the Dungeon)
 11554 | D:9      | Found an opulent altar of Gozag.
 11600 | D:9      | Noticed Psyche
 11608 | D:9      | Killed Psyche
 11673 | D:9      | Found a hide-covered altar of Uskayaw.
 11758 | D:9      | Got a scorched chain mail
 11778 | D:9      | Found a staircase to the Orcish Mines.
 12528 | D:9      | Noticed Erica
 13030 | D:9      | Noticed a two-headed ogre
 13054 | D:9      | Killed a two-headed ogre
 13054 | D:9      | Reached skill level 11 in Conjurations
 13185 | D:9      | Found a staircase to the Lair.
 13415 | D:10     | Entered Level 10 of the Dungeon
 13538 | D:10     | Found a portal to a secret trove of treasure.
 13746 | D:10     | Reached XP level 11. HP: 89/89 MP: 12/25
 13992 | D:10     | Noticed Maurice
 14132 | D:9      | Killed Maurice
 14784 | D:10     | Killed an unseen horror
 14807 | D:10     | HP: 2/91 [something (8)]
 14807 | D:10     | Slain by an unseen horror

Vault maps used:
D:1:      lemuel_arrival_river_ford
D:2:      makhleb_grotto_becter, nicolae_overflow_crystal_walls, serial_undead,
          serial_undead_b, serial_undead_c, serial_undead_c, serial_undead_c,
          uniq_robin
D:4:      kennysheep_little_box
D:5:      slow_altar_2, first_bread, hangedman_decor_riveting, st_stairs_3
D:7:      minmay_temple_entry_mist
D:8:      basic_altar, mrwooster_statue_mirror, uniq_grum
D:9:      grunt_gozag_breadcrumbs, eat_drink_and_be_merry_uskayaw,
          minmay_lair_entry_grove, david_orc_2, david_nohive_1, glass_columns_a,
          minmay_misc_feat_rows, uniq_erica, uniq_psyche
D:10:     nicolae_trove_entry_free_sample, uniq_maurice

Skill      XL: |  1  2  3  4  5  6  7  8  9 10 11 |
---------------+----------------------------------+-----
Conjurations   | 2 3 5 6 8 9 11 | 11.2
Poison Magic   | 3 4 |  4.0
Spellcasting   | 2 4 5 6 7 |  7.2
Fighting       | 3 5 6 |  6.4
Dodging        | 3 6 |  6.4
Stealth        | |  1.7

Action                   |  1- 3 |  4- 6 |  7- 9 | 10-12 || total
-------------------------+-------+-------+-------+-------++-------
Melee: Trident           |    46 |    29 |    27 |       ||   102
       Spear             |       |     6 |    25 |    15 ||    46
       Falchion          |       |       |    13 |       ||    13
       Dire flail        |       |       |     8 |    25 ||    33
 Cast: Sting             |    75 |   168 |   237 |   195 ||   675
       Mephitic Cloud    |       |     1 |    17 |    19 ||    37
       Magic Dart        |       |       |    24 |       ||    24
       Searing Ray       |       |       |    21 |    19 ||    40
       Iskenderun's Myst |       |       |     7 |    31 ||    38
  Use: Potion            |     1 |       |     1 |       ||     2
       Scroll            |       |       |    10 |     4 ||    14
 Stab: Confused          |       |       |     2 |     2 ||     4
  Eat: Chunk             |     5 |    11 |    19 |    13 ||    48
       Royal jelly       |       |       |       |     1 ||     1
Armor: Robe              |    13 |    24 |    41 |    37 ||   115
       Skin              |     3 |       |    18 |       ||    21
Dodge: Dodged            |    36 |    39 |   118 |   125 ||   318
Block: Other             |       |       |     5 |    11 ||    16
       Rpst.: Falchion   |       |       |     6 |       ||     6

Table legend:
 A = Spawn XP
 B = Non-spawn XP
 C = Spawn XP percentage of total XP
 D = Spawn monster count
 E = Non-spawn monster count
 F = Spawn count percentage of total count
 G = Total turns spent on level
                    A         B        C        D         E        F      G
               +---------+---------+-------+---------+---------+-------+---------
         Total |       0 |   15253 |   0.0 |       0 |     286 |   0.0 | 14807
               +---------+---------+-------+---------+---------+-------+---------
           D:1 |       0 |      19 |   0.0 |       0 |      12 |   0.0 |  1037
           D:2 |       0 |     158 |   0.0 |       0 |      33 |   0.0 |  1638
           D:3 |       0 |     172 |   0.0 |       0 |      37 |   0.0 |  1464
           D:4 |       0 |     405 |   0.0 |       0 |      13 |   0.0 |   965
           D:5 |       0 |     785 |   0.0 |       0 |      24 |   0.0 |  1496
           D:6 |       0 |    1595 |   0.0 |       0 |      25 |   0.0 |  2055
           D:7 |       0 |    1922 |   0.0 |       0 |      36 |   0.0 |  1879
           D:8 |       0 |    2664 |   0.0 |       0 |      26 |   0.0 |  1074
           D:9 |       0 |    5247 |   0.0 |       0 |      59 |   0.0 |  2179
          D:10 |       0 |    2286 |   0.0 |       0 |      21 |   0.0 |  1020
               +---------+---------+-------+---------+---------+-------+---------
